AoeStats
← vivaelchacho

Lombardia

508921545Analyzed
2v2 RM · 6d ago on Sep 24, 2026· 43m 49s· 4 players
Game mode
Random Map
Map size
Medium (4 player)
Population
200
Speed
Normal
Resources
Standard
Victory
Conquest
Starting age
Dark Age
Ending age
Imperial Age
RankedLock teamsTeams togetherTeam positionsShared explorationLock speedFull tech treeHidden civsTurbo modeCheats
Victory
Defeat
🇧🇷 Armenians · Brazil
1310
+13
🇧🇷 Varangians · Brazil
1248
+15
🇦🇷 Varangians · Argentina
1359
-18
🇦🇷 Italians · Argentina
1121
-10
Dudu
7:51 Loom
10:43 Feudal Age
9:02 Loom
10:48 Feudal Age
14:58 Castle Age
14:06 Double-Bit Axe
14:03 Horse Collar
16:23 Bow Saw
21:02 Wheelbarrow
24:45 Hand Cart
24:55 Heavy Plow
24:53 Town Watch
27:14 Gold Mining
27:14 Stone Mining
31:11 Imperial Age
29:04 Fletching
29:15 Padded Archer Armor
30:01 Ballistics
30:10 Bodkin Arrow
31:04 Masonry
30:34 Treadmill Crane
32:08 Bracer
33:10 Chemistry
31:40 Elite Composite Bowman
32:42 Conscription
33:03 Leather Archer Armor
34:15 Ring Archer Armor
36:51 Caravan
42:52 Scale Mail Armor
43:03 Forging
42:58 Scale Barding Armor
GAX | Thui
6:52 Loom
10:22 Feudal Age
14:52 Castle Age
14:10 Double-Bit Axe
16:01 Bow Saw
21:57 Horse Collar
23:55 Wheelbarrow
23:48 Heavy Plow
29:45 Imperial Age
27:28 Bloodlines
27:20 Husbandry
27:41 Scale Barding Armor
28:15 Forging
28:47 Hand Cart
29:16 Chain Barding Armor
30:05 Iron Casting
29:35 Fletching
29:47 Gold Mining
31:41 Plate Barding Armor
31:56 Vendel Legacy
33:41 Crop Rotation
32:54 Elite Jarl
34:18 Conscription
35:24 Blast Furnace
38:40 Bodkin Arrow
38:55 Stone Mining
41:24 Two-Man Saw
43:15 Chemistry
42:28 Masonry
42:15 Murder Holes
42:03 Treadmill Crane
43:03 Gothikon
44:38 Ballistics
Papa Francisco
9:06 Loom
10:54 Feudal Age
12:31 Loom
15:15 Castle Age
13:47 Double-Bit Axe
14:46 Gold Mining
17:43 Horse Collar
23:41 Scale Barding Armor
27:48 Forging
29:56 Iron Casting
30:40 Chain Barding Armor
35:12 Imperial Age
33:20 Wheelbarrow
32:37 Vendel Legacy
33:20 Fletching
33:30 Padded Archer Armor
34:10 Caravan
35:53 Bow Saw
35:47 Bodkin Arrow
36:33 Conscription
36:30 Hand Cart
36:01 Town Watch
36:12 Stone Mining
39:47 Blast Furnace
39:25 Town Patrol
40:12 Elite Jarl
41:49 Heavy Plow
42:50 Plate Barding Armor
vivaelchacho
5:50 Loom
8:08 Loom
10:28 Feudal Age
16:07 Castle Age
14:33 Double-Bit Axe
14:32 Horse Collar
16:36 Fletching
16:49 Padded Archer Armor
17:26 Bow Saw
20:50 Heavy Plow
21:57 Gold Mining
23:04 Crossbowman
28:34 Wheelbarrow
27:49 Town Watch
29:30 Ballistics
30:01 Thumb Ring
34:34 Imperial Age
32:21 Hand Cart
33:30 Bodkin Arrow
33:51 Leather Archer Armor
35:20 Bracer
34:42 Arbalester
36:53 Ring Archer Armor
36:03 Elite Skirmisher
41:45 Chemistry
Connection lost

Rejoining the realm…

Still unreachable

The connection could not be restored.

Session expired

The server has moved on; the page needs a fresh start.